| TOP OF THE 1ST |
|
Santa Ana Cafes batting - Pitching for Panama City Capitales : LHP Jose Paz
|
|
Pitching: LHP Jose Paz
|
|
|
Batting: RHB Eric Davis
|
0-0: Called Strike 0-1: Ball 1-1: Ball 2-1: Swinging Strike 2-2: Strikes out looking
|
|
Batting: SHB Alfredo Griffin
|
0-0: Foul Ball, location: 2F 0-1: Ball 1-1: Called Strike 1-2: Foul Ball, location: 2F 1-2: Ball 2-2: Ball 3-2: Base on Balls
|
|
Batting: LHB Andre David
|
0-0: Ball 1-0: Ball 2-0: Ball 3-0: Base on Balls Alfredo Griffin to second
|
|
Batting: RHB Martinho Varandas
|
0-0: Called Strike 0-1: Ball 1-1: Ground out 4-3 (Groundball, 4, EV 80.0 MPH) Alfredo Griffin to third Andre David to second
|
|
Batting: RHB Tim Laudner
|
0-0: Called Strike 0-1: Called Strike 0-2: Strikes out swinging
|
| Top of the 1st over - 0 runs, 0 hits, 0 errors, 2 left on base; Santa Ana 0 - Panama City 0 |
| BOTTOM OF THE 1ST |
|
Panama City Capitales batting - Pitching for Santa Ana Cafes : LHP Mike Mason
|
|
Pitching: LHP Mike Mason
|
|
|
Batting: RHB Jim Teller
|
0-0: Ball 1-0: SINGLE (Flyball, 4D, EV 90.6 MPH)
|
|
Batting: RHB David Hall
|
0-0: Ball 1-0: Foul Ball, location: 2F 1-1: Called Strike Jim Teller is caught stealing 2nd base 2-4 1-2: Foul Ball, location: 2F 1-2: Strikes out looking
|
|
Batting: LHB Kent Hrbek
|
0-0: Called Strike 0-1: Ball 1-1: Foul Ball, location: 2F 1-2: Ball 2-2: Fly out, F8 (Flyball, 8RM, EV 85.0 MPH)
|
| Bottom of the 1st over - 0 runs, 1 hit, 0 errors, 0 left on base; Santa Ana 0 - Panama City 0 |
| TOP OF THE 2ND |
|
Santa Ana Cafes batting - Pitching for Panama City Capitales : LHP Jose Paz
|
|
Batting: RHB Brian J Giles
|
0-0: Ball 1-0: Ball 2-0: Foul Ball, location: 2F 2-1: Foul Ball, location: 2F 2-2: Hit by Pitch
|
|
Batting: RHB Skeeter Barnes
|
0-0: Ball 1-0: Ball 2-0: Fly out, F9 (Flyball, 9LM, EV 90.0 MPH) Runner from 1st tags up, SAFE at 2nd
|
|
Batting: RHB Ricky Jacquez
|
0-0: Fly out, F9 (Flyball, 9D, EV 91.3 MPH) Runner from 2nd tags up, SAFE at 3rd, no throw by RF
|
|
Batting: RHB Frank LaBella
|
0-0: Foul Ball, location: 2F 0-1: Ground out 4-3 (Groundball, 4, EV 88.8 MPH)
|
| Top of the 2nd over - 0 runs, 0 hits, 0 errors, 1 left on base; Santa Ana 0 - Panama City 0 |
| BOTTOM OF THE 2ND |
|
Panama City Capitales batting - Pitching for Santa Ana Cafes : LHP Mike Mason
|
|
Batting: RHB Pedro Guerrero
|
0-0: Fly out, F7 (Flyball, 7LM, EV 93.8 MPH)
|
|
Batting: RHB Vic Rodriguez
|
0-0: Called Strike 0-1: Ball 1-1: Called Strike 1-2: Fly out, F9 (Flyball, 9D, EV 101.3 MPH)
|
|
Batting: LHB Denny Porter
|
0-0: Called Strike 0-1: Swinging Strike 0-2: Ground out U3 (Groundball, 34, EV 102.5 MPH)
|
| Bottom of the 2nd over - 0 runs, 0 hits, 0 errors, 0 left on base; Santa Ana 0 - Panama City 0 |
| TOP OF THE 3RD |
|
Santa Ana Cafes batting - Pitching for Panama City Capitales : LHP Jose Paz
|
|
Batting: RHB Eric Davis
|
0-0: Foul Ball, location: 2F 0-1: Foul Ball, location: 2F 0-2: Ball 1-2: Foul Ball, location: 2F 1-2: Ball 2-2: Ball 3-2: SOLO HOME RUN (Flyball, 78XD, EV 100.6 MPH), Distance : 426 ft
|
|
Batting: SHB Alfredo Griffin
|
0-0: Ball 1-0: Foul Ball, location: 2F 1-1: Ball 2-1: Ball 3-1: Base on Balls
|
|
Batting: LHB Andre David
|
0-0: Called Strike 0-1: Swinging Strike 0-2: Ball Alfredo Griffin is caught stealing 2nd base 2-6 1-2: Strikes out swinging
|
|
Batting: RHB Martinho Varandas
|
0-0: Ground out 4-3 (Groundball, 4, EV 108.8 MPH)
|
| Top of the 3rd over - 1 run, 1 hit, 0 errors, 0 left on base; Santa Ana 1 - Panama City 0 |
| BOTTOM OF THE 3RD |
|
Panama City Capitales batting - Pitching for Santa Ana Cafes : LHP Mike Mason
|
|
Batting: LHB Steve Hammond
|
0-0: Called Strike 0-1: Foul Ball, location: 2F 0-2: Foul Ball, location: 2F 0-2: Foul Ball, location: 2F 0-2: Ball 1-2: Ground out 4-3 (Groundball, 4, EV 78.1 MPH)
|
|
Batting: RHB Carlos Cabrera
|
0-0: Called Strike 0-1: Ball 1-1: Called Strike 1-2: Strikes out looking
|
|
Batting: LHB Gene Gentile
|
0-0: Ball 1-0: Ground out 6-3 (Groundball, 56, EV 99.4 MPH)
|
| Bottom of the 3rd over - 0 runs, 0 hits, 0 errors, 0 left on base; Santa Ana 1 - Panama City 0 |
| TOP OF THE 4TH |
|
Santa Ana Cafes batting - Pitching for Panama City Capitales : LHP Jose Paz
|
|
Batting: RHB Tim Laudner
|
0-0: Ball 1-0: Foul Ball, location: 2F 1-1: Ball 2-1: Foul Ball, location: 2F 2-2: Ball 3-2: SINGLE (Line Drive, 56D, EV 96.9 MPH)
|
|
Batting: RHB Brian J Giles
|
0-0: Swinging Strike 0-1: Swinging Strike 0-2: Ball 1-2: Ball 2-2: Strikes out looking
|
|
Batting: RHB Skeeter Barnes
|
0-0: Called Strike 0-1: Ball 1-1: Called Strike 1-2: Strikes out looking
|
|
Batting: RHB Ricky Jacquez
|
0-0: Foul Ball, location: 2F 0-1: Foul Ball, location: 2F 0-2: Fly out, F3 (Popup, 3F, EV 58.8 MPH)
|
| Top of the 4th over - 0 runs, 1 hit, 0 errors, 1 left on base; Santa Ana 1 - Panama City 0 |
| BOTTOM OF THE 4TH |
|
Panama City Capitales batting - Pitching for Santa Ana Cafes : LHP Mike Mason
|
|
Batting: RHB Jim Teller
|
0-0: Ball 1-0: Ball 2-0: Swinging Strike 2-1: Ground out 1-3 (Groundball, 34S, EV 69.4 MPH)
|
|
Batting: RHB David Hall
|
0-0: Ball 1-0: Ball 2-0: Called Strike 2-1: Ball 3-1: Base on Balls
|
|
Batting: LHB Kent Hrbek
|
0-0: SINGLE (Groundball, 6MD, EV 96.9 MPH) David Hall to second Runner from 2nd tries for 3rd, SAFE, no throw by CF
|
|
Batting: RHB Pedro Guerrero
|
0-0: Ball 1-0: Fly out, F9 (Flyball, 9S, EV 85.0 MPH)
|
|
Batting: RHB Vic Rodriguez
|
0-0: Ball 1-0: Swinging Strike 1-1: Ball 2-1: Fielders Choice at 2nd, 6-4 (Groundball, 6, EV 91.9 MPH)
|
| Bottom of the 4th over - 0 runs, 1 hit, 0 errors, 2 left on base; Santa Ana 1 - Panama City 0 |
| TOP OF THE 5TH |
|
Santa Ana Cafes batting - Pitching for Panama City Capitales : LHP Jose Paz
|
|
Batting: RHB Frank LaBella
|
0-0: Ball 1-0: Ground out 6-3 (Groundball, 56, EV 88.1 MPH)
|
|
Batting: RHB Eric Davis
|
0-0: Foul Ball, location: 2F 0-1: Ball 1-1: Ball 2-1: Called Strike 2-2: Strikes out swinging, 2-3 out at first.
|
|
Batting: SHB Alfredo Griffin
|
0-0: Ball 1-0: Ball 2-0: Swinging Strike 2-1: Fly out, F6 (Popup, 6, EV 56.3 MPH)
|
| Top of the 5th over - 0 runs, 0 hits, 0 errors, 0 left on base; Santa Ana 1 - Panama City 0 |
| BOTTOM OF THE 5TH |
|
Panama City Capitales batting - Pitching for Santa Ana Cafes : LHP Mike Mason
|
|
Batting: LHB Denny Porter
|
0-0: Ball 1-0: Ball 2-0: Foul Ball, location: 2F 2-1: Swinging Strike 2-2: Strikes out swinging
|
|
Batting: LHB Steve Hammond
|
0-0: Fly out, F9 (Line Drive, 9, EV 102.5 MPH)
|
|
Batting: RHB Carlos Cabrera
|
0-0: Ball 1-0: Called Strike 1-1: Foul Ball, location: 2F 1-2: Foul Ball, location: 2F 1-2: Strikes out swinging
|
| Bottom of the 5th over - 0 runs, 0 hits, 0 errors, 0 left on base; Santa Ana 1 - Panama City 0 |
| TOP OF THE 6TH |
|
Santa Ana Cafes batting - Pitching for Panama City Capitales : LHP Jose Paz
|
|
Batting: LHB Andre David
|
0-0: Ball 1-0: Ball 2-0: Foul Ball, location: 2F 2-1: Ball 3-1: Fly out, F8 (Line Drive, 8LM, EV 96.9 MPH)
|
|
Batting: RHB Martinho Varandas
|
0-0: Ball 1-0: SINGLE (Line Drive, 89S, EV 105.6 MPH)
|
|
Batting: RHB Tim Laudner
|
0-0: Ball 1-0: SINGLE (Groundball, 34D, EV 100.6 MPH) Martinho Varandas to second Runner from 2nd tries for 3rd, SAFE, throw by RF made to third
|
|
Batting: RHB Brian J Giles
|
0-0: Ball 1-0: Ball 2-0: Called Strike 2-1: Foul Ball, location: 2F 2-2: Strikes out swinging
|
|
Batting: RHB Skeeter Barnes
|
0-0: Ball 1-0: Ball 2-0: Swinging Strike 2-1: Swinging Strike 2-2: Fly out, F8 (Flyball, 78D, EV 106.3 MPH)
|
| Top of the 6th over - 0 runs, 2 hits, 0 errors, 2 left on base; Santa Ana 1 - Panama City 0 |
| BOTTOM OF THE 6TH |
|
Panama City Capitales batting - Pitching for Santa Ana Cafes : LHP Mike Mason
|
|
Batting: LHB Gene Gentile
|
0-0: Called Strike 0-1: Ball 1-1: Called Strike 1-2: SOLO HOME RUN (Flyball, 9D, EV 101.3 MPH), Distance : 373 ft
|
|
Batting: RHB Jim Teller
|
0-0: Ground out 5-3 (Groundball, 56S, EV 85.6 MPH)
|
|
Batting: RHB David Hall
|
0-0: Fly out, F9 (Flyball, 89M, EV 90.6 MPH)
|
|
Batting: LHB Kent Hrbek
|
0-0: Ball 1-0: Swinging Strike 1-1: Fly out, F8 (Flyball, 8LD, EV 102.5 MPH)
|
| Bottom of the 6th over - 1 run, 1 hit, 0 errors, 0 left on base; Santa Ana 1 - Panama City 1 |
| TOP OF THE 7TH |
|
Santa Ana Cafes batting - Pitching for Panama City Capitales : LHP Jose Paz
|
|
Batting: RHB Ricky Jacquez
|
0-0: Called Strike 0-1: Called Strike 0-2: Ball 1-2: SINGLE (Line Drive, 78S, EV 95.6 MPH)
|
|
Batting: RHB Frank LaBella
|
0-0: Ball 1-0: Ball 2-0: Called Strike 2-1: Swinging Strike 2-2: Strikes out swinging
|
|
Batting: RHB Eric Davis
|
0-0: Ball 1-0: Fly out, F8 (Flyball, 8LS, EV 89.4 MPH)
|
|
Batting: SHB Alfredo Griffin
|
0-0: Ball 1-0: Ball 2-0: Called Strike 2-1: Swinging Strike Ricky Jacquez steals 2nd base (no throw) 2-2: Strikes out looking
|
| Top of the 7th over - 0 runs, 1 hit, 0 errors, 1 left on base; Santa Ana 1 - Panama City 1 |
| BOTTOM OF THE 7TH |
|
Panama City Capitales batting - Pitching for Santa Ana Cafes : LHP Mike Mason
|
|
Batting: RHB Pedro Guerrero
|
0-0: Ball 1-0: Called Strike 1-1: Ball 2-1: Ball 3-1: Foul Ball, location: 2F 3-2: Foul Ball, location: 2F 3-2: Base on Balls
|
|
Batting: RHB Vic Rodriguez
|
0-0: Foul Ball, location: 2F 0-1: Foul Ball, location: 2F 0-2: Ball 1-2: Ball 2-2: Ball 3-2: Foul Ball, location: 2F 3-2: SINGLE (Line Drive, 8LS, EV 90.0 MPH) Pedro Guerrero to second Runner from 2nd tries for 3rd, SAFE, no throw by CF
|
|
Batting: LHB Denny Porter
|
0-0: Ball 1-0: Ball 2-0: Swinging Strike 2-1: Ball 3-1: Foul Ball, location: 2F 3-2: Foul Ball, location: 2F 3-2: Base on Balls Vic Rodriguez to second
|
|
Batting: LHB Steve Hammond
|
0-0: Fly out, F9 (Flyball, 9, EV 94.4 MPH) Runner from 3rd tags up, SCORES, throw by RF
|
|
Batting: RHB Carlos Cabrera
|
0-0: Called Strike 0-1: Ball 1-1: Swinging Strike 1-2: Foul Ball, location: 2F 1-2: Strikes out swinging
|
|
Batting: LHB Gene Gentile
|
0-0: Ball 1-0: Ball 2-0: Foul Ball, location: 2F 2-1: Ball 3-1: SINGLE (Groundball, 6D, EV 102.5 MPH) Vic Rodriguez to third Denny Porter to second Runner from 3rd tries for Home, SAFE, throw by CF to home
|
|
Batting: RHB Jim Teller
|
0-0: Foul Ball, location: 2F 0-1: Ball 1-1: Ball 2-1: Fly out, F5 (Line Drive, 5, EV 71.9 MPH)
|
| Bottom of the 7th over - 2 runs, 2 hits, 0 errors, 2 left on base; Santa Ana 1 - Panama City 3 |
| TOP OF THE 8TH |
|
Santa Ana Cafes batting - Pitching for Panama City Capitales : LHP Jose Paz
|
|
Pitching: RHP Silvio Martinez
|
|
|
Batting: LHB Andre David
|
0-0: Called Strike 0-1: SINGLE (Flyball, 89S, EV 88.1 MPH)
|
|
Batting: RHB Martinho Varandas
|
0-0: Fly out, F3 (Popup, 3, EV 75.6 MPH)
|
|
Batting: RHB Tim Laudner
|
0-0: Called Strike 0-1: Ball 1-1: Foul Ball, location: 2F 1-2: Fly out, F8 (Flyball, 8RS, EV 90.0 MPH)
|
|
Batting: RHB Brian J Giles
|
0-0: Ground out 5-3 (Groundball, 56S, EV 81.3 MPH)
|
| Top of the 8th over - 0 runs, 1 hit, 0 errors, 1 left on base; Santa Ana 1 - Panama City 3 |
| BOTTOM OF THE 8TH |
|
Panama City Capitales batting - Pitching for Santa Ana Cafes : LHP Mike Mason
|
|
Batting: RHB David Hall
|
0-0: Called Strike 0-1: Foul Ball, location: 2F 0-2: Ball 1-2: SINGLE (Groundball, 4MD, EV 98.1 MPH)
|
|
Batting: LHB Kent Hrbek
|
0-0: Ball 1-0: Called Strike 1-1: Ball 2-1: Swinging Strike 2-2: Foul Ball, location: 2F 2-2: Foul Ball, location: 2F 2-2: Ball 3-2: Foul Ball, location: 2F 3-2: Base on Balls David Hall to second
|
|
Batting: RHB Pedro Guerrero
|
0-0: Ball 1-0: Fly out, F7 (Flyball, 7S, EV 85.0 MPH)
|
|
Batting: RHB Vic Rodriguez
|
0-0: Called Strike 0-1: Called Strike 0-2: Foul Ball, location: 2F 0-2: Fly out, F9 (Flyball, 9S, EV 94.4 MPH)
|
|
Pitching: RHP Clyde Reichard
|
|
|
Batting: LHB Denny Porter
|
0-0: Fielders Choice at 2nd, 6-4 (Groundball, 6, EV 83.1 MPH)
|
| Bottom of the 8th over - 0 runs, 1 hit, 0 errors, 2 left on base; Santa Ana 1 - Panama City 3 |
| TOP OF THE 9TH |
|
Santa Ana Cafes batting - Pitching for Panama City Capitales : RHP Silvio Martinez
|
|
Now at C: Randy Gomez
|
|
|
Now at 2B: Tim Raines
|
|
|
Now in CF: Larry Hyman
|
|
|
Now in RF: Rod Allen
|
|
|
Batting: RHB Skeeter Barnes
|
0-0: DOUBLE (Line Drive, 78M, EV 87.5 MPH)
|
|
Pinch Hitting: LHB Von Hayes
|
0-0: Called Strike 0-1: Ball 1-1: Called Strike 1-2: Ball 2-2: Ball 3-2: Base on Balls
|
|
Pinch Hitting: RHB Pat Tabler
|
0-0: Foul Ball, location: 2F 0-1: Swinging Strike 0-2: Strikes out looking
|
|
Batting: RHB Eric Davis
|
0-0: Called Strike 0-1: Ball 1-1: Ball 2-1: Ball 3-1: Foul Ball, location: 2F 3-2: Base on Balls Skeeter Barnes to third Von Hayes to second
|
|
Batting: SHB Alfredo Griffin
|
0-0: SINGLE (Line Drive, 89M, EV 104.4 MPH) Skeeter Barnes scores Von Hayes to third Eric Davis to second
|
|
Batting: LHB Andre David
|
0-0: SINGLE (Flyball, 78S, EV 86.9 MPH) Von Hayes scores Eric Davis to third Alfredo Griffin to second Runner from 3rd tries for Home, SAFE, throw by CF to home
|
|
Batting: RHB Martinho Varandas
|
0-0: Ball 1-0: Ball 2-0: Ball 3-0: Base on Balls Alfredo Griffin to third Andre David to second
|
|
Batting: RHB Tim Laudner
|
0-0: Swinging Strike 0-1: Ball 1-1: Called Strike 1-2: Hit by Pitch Alfredo Griffin scores Andre David to third Martinho Varandas to second
|
|
Pitching: RHP Richard Renwick
|
|
|
Batting: RHB Brian J Giles
|
0-0: Called Strike 0-1: Called Strike 0-2: Foul Ball, location: 2F 0-2: Ball 1-2: Fly out, F2 (Popup, 23F, EV 83.1 MPH)
|
|
Batting: RHB Skeeter Barnes
|
0-0: Foul Ball, location: 2F 0-1: SINGLE (Groundball, 56D, EV 108.1 MPH) Andre David scores Martinho Varandas to third Tim Laudner to second Runner from 3rd tries for Home, SAFE, no throw by LF
|
|
Batting: LHB Von Hayes
|
0-0: Foul Ball, location: 2F 0-1: Ball 1-1: Ball 2-1: Foul Ball, location: 2F 2-2: Strikes out looking
|
| Top of the 9th over - 6 runs, 4 hits, 0 errors, 2 left on base; Santa Ana 7 - Panama City 3 |
| BOTTOM OF THE 9TH |
|
Panama City Capitales batting - Pitching for Santa Ana Cafes : RHP Clyde Reichard
|
|
Now at 2B: Fred Manrique
|
|
|
Now in LF: Von Hayes
|
|
|
Batting: LHB Steve Hammond
|
0-0: Ball 1-0: Ground out 6-3 (Groundball, 6M, EV 105.6 MPH)
|
|
Batting: SHB Tim Raines
|
0-0: Ball 1-0: Called Strike 1-1: Ball 2-1: Fly out, F9 (Flyball, 89D, EV 95.0 MPH)
|
|
Batting: LHB Gene Gentile
|
0-0: Ball 1-0: Called Strike 1-1: Ball 2-1: Foul Ball, location: 2F 2-2: Strikes out looking
|
| Bottom of the 9th over - 0 runs, 0 hits, 0 errors, 0 left on base; Santa Ana 7 - Panama City 3 |
|